 Dungeon Sprint DCSS version 0.32-a0-350-g4f4d228785 (webtiles) character file.

Game seed: 1223760843372044574

46 rocky1 the Trooper (level 3, -2/36 HPs)
             Began as a Mountain Dwarf Fighter on Feb 18, 2024.
             Slain by an ogre
             ... wielding a +0 giant spiked club
              (21 damage)
             ... in the Dungeon (Sprint IX: "|||||||||||||||||||||||||||||").
             The game lasted 00:00:20 (73 turns).

rocky1 the Trooper (Mountain Dwarf Fighter)           Turns: 73, Time: 00:00:22

Health: -2/36      AC:  7    Str: 20    XL:     3   Next: 46%
Magic:  3/3        EV:  9    Int:  8    God:
Gold:   0          SH:  4    Dex:  9    Spells: 2/2 levels left

rFire   . . .        a - +0 flail
rCold   . . .        c - +0 buckler
rNeg    . . .        b - +0 scale mail
rPois   .            (no helmet)
rElec   .            (no cloak)
rCorr   .            (no gloves)
SInv    .            (no boots)
Will    .....        (no amulet) Stlth
                     (no ring)
HPRegen 0.26/turn    (no ring)
MPRegen 0.08/turn

%: no teleportation
@: on fire, glowing
A: runic magic, artefact enchanting
a: no special abilities


You were in the Dungeon.
You visited 1 branch

Inventory:

Hand Weapons
 a - a +0 flail (weapon)
Armour
 b - a +0 scale mail (worn)
 c - a +0 buckler (worn)
Scrolls
 j - a scroll of blinking
Potions
 d - a potion of might
 e - a potion of curing
 g - a potion of haste
 h - 2 potions of magic
 i - a potion of berserk rage


   Skills:
 + Level 5.2 Fighting
 + Level 4.4 Maces & Flails
 + Level 4.9 Armour
 + Level 0.1 Dodging
 + Level 5.0 Shields


You had 2 spell levels left.
You didn't know any spells.
Your spell library was empty.

Dungeon Overview and Level Annotations

Branches:
Dungeon (1/1)

Altars:


Innate Abilities, Weirdness & Mutations

Your spellcasting is much less encumbered by armour.
You can use scrolls of enchantment on lesser artefacts.


Message History

Your experience leads to an increase in your attributes!
Increase (S)trength, (I)ntelligence, or (D)exterity?
You feel stronger. x2
Unknown command.
You sock the jackal!
You kill the jackal!
The liquid fire burns you!
* * * LOW HITPOINT WARNING * * *
The ufetubus hits you but does no damage.
The ufetubus hits you.
* * * LOW HITPOINT WARNING * * *
You feel much better. The liquid fire burns you! The ufetubus slips past you!
The ufetubus closely misses you.
The ufetubus hits you but does no damage.
Unknown command.
You barely miss the ogre. The liquid fire burns you!
The ufetubus hits you but does no damage.
The ufetubus completely misses you.
The ufetubus hits you but does no damage. x2
You block the ogre's attack.
You thump the ogre!
The ogre is moderately wounded.
The liquid fire burns you!
The ufetubus hits you but does no damage. x2
The ufetubus barely misses you. You block the ufetubus's attack.
The ogre closely misses you.
You sock the ogre!
The ogre is severely wounded.
The liquid fire burns you! The ufetubus misses you.
The ufetubus closely misses you. x2
The ufetubus barely misses you.
You hit the ogre but do no damage.
The ogre is severely wounded.
The liquid fire burns you! You block the ufetubus's attack.
The ufetubus closely misses you.
The ogre hits you with a +0 giant spiked club!!
Ouch! That really hurt!
You die...

▓+▓
▓.▓
▓.▓
▓.▓
▓.▓
▓c▓
▓O▓
▓@▓
▓5▓
▓.▓
▓.▓
▓.▓
▓)▓
▓.▓
▓.▓
▓.▓


You could see an ogre, a centaur and an ufetubus.

Vanquished Creatures
  A bombardier beetle (D)
  A ball python (D)
  An endoplasm (D)
  A goblin (D)
  A hobgoblin (D)
  2 jackals (D)
7 creatures vanquished.

Notes
Turn   | Place    | Note
-------+----------+-------------------------------------------
     0 | D        | rocky1 the Mountain Dwarf Fighter began the quest for the
                  | Orb.
     0 | D        | Reached XP level 1. HP: 19/19 MP: 1/1
    14 | D        | Reached XP level 2. HP: 17/27 MP: 2/2
    60 | D        | Noticed a centaur
    60 | D        | Noticed an ogre
    60 | D        | Noticed a bombardier beetle
    67 | D        | Killed a bombardier beetle
    68 | D        | Reached skill level 5 in Fighting
    68 | D        | Reached skill level 5 in Shields
    68 | D        | Reached XP level 3. HP: 14/36 MP: 3/3
    73 | D        | Slain by an ogre

Illustrated notes

Levels and vault maps discovered:
D:        linesprint [early_d, line_temple, items_1, d_10, items_2, lair_1,
          lair_end, items_3, orc_1, orc_end, items_4, d_15, swamp_1, shoals_1,
          snake_1, spider_1, d_20, vaults_1, items_5, swamp_end, shoals_end,
          snake_end, spider_end, vaults_end, d_27, items_6, zot_1, zot_end,
          crypt_end, forest_end, elf_end, slime_end, tomb_end, abyss_end,
          pan_hell_end]

Skill      XL: |  1  2 |
---------------+-------+-----
Fighting       | 4 5 |  5.2
Armour         | 4 |  4.9
Shields        | 4 5 |  5.0
Maces & Flails | 4 |  4.4
Dodging        | |  0.1

Action                     || total
---------------------------++-------
  Melee: Flail             ||    26
    Use: Potion            ||     1
 Armour: Scale mail        ||    14
  Dodge: Dodged            ||    16
  Block: Buckler           ||     5

Table legend: (Time is in decaauts)
 A = Elapsed time spent in this place.
 B = Non-inter-level travel time spent in this place.
 C = Inter-level travel time spent in this place.
 D = Time resting spent in this place.
 E = Time spent auto-exploring this place.
 F = Levels seen in this place.
 G = Mean time per level.
                   A        B        C        D        E       F      G
               +--------+--------+--------+--------+--------+-----+--------+
         Total |     79 |     79 |      0 |     36 |      0 |   1 |   79.0 |
       Dungeon |     79 |     79 |      0 |     36 |      0 |   1 |   79.0 |
               +--------+--------+--------+--------+--------+-----+--------+

Top non-repeatable levels by time:
       D: 79 daAuts
